NYP
BROOKLYN CYCLONES @ EUGENE EMERALDS
05/25/2044
 
TOP OF THE 1ST
Brooklyn Cyclones batting - Pitching for Eugene Emeralds : LHP Bernard Grose
Pitching: LHP Bernard Grose
Batting: RHB Tony Oria 0-0: Called Strike
0-1: Foul Ball, location: 2F
0-2: Strikes out swinging
Batting: RHB Hyeok Kim 0-0: Swinging Strike
0-1: Swinging Strike
0-2: Strikes out swinging
Batting: LHB Victor Ferrermena 0-0: Ball
1-0: SOLO HOME RUN (Flyball, 7D, EV 92.5 MPH), Distance : 365 ft
Batting: LHB Kodai Furuki 0-0: Foul Ball, location: 2F
0-1: Called Strike
0-2: Strikes out swinging
Top of the 1st over - 1 run, 1 hit, 0 errors, 0 left on base; Brooklyn 1 - Eugene 0
BOTTOM OF THE 1ST
Eugene Emeralds batting - Pitching for Brooklyn Cyclones : RHP Robbie Beerbower
Pitching: RHP Robbie Beerbower
Batting: RHB Garrett Granata 0-0: Ball
1-0: Called Strike
1-1: Foul Ball, location: 2F
1-2: Strikes out swinging
Batting: RHB Chris Slama 0-0: Foul Ball, location: 2F
0-1: Ball
1-1: Ball
2-1: Ball
3-1: Ground out U3 (Groundball, 34S, EV 69.4 MPH)
Batting: RHB Francisco Ramirez 0-0: Called Strike
0-1: Foul Ball, location: 2F
0-2: Ball
1-2: Ground out 6-3 (Groundball, 6M, EV 103.1 MPH)
Bottom of the 1st over - 0 runs, 0 hits, 0 errors, 0 left on base; Brooklyn 1 - Eugene 0
TOP OF THE 2ND
Brooklyn Cyclones batting - Pitching for Eugene Emeralds : LHP Bernard Grose
Batting: RHB Leo Roman 0-0: Fly out, F8 (Flyball, 8LXD, EV 100.6 MPH)
Batting: LHB Adam Barry 0-0: Ball
1-0: Foul Ball, location: 2F
1-1: Ball
2-1: Ball
3-1: Called Strike
3-2: Ground out 5-3 (Groundball, 5L, EV 89.4 MPH)
Batting: RHB Oscar Chairez 0-0: Called Strike
0-1: Ball
1-1: Ball
2-1: Called Strike
2-2: Foul Ball, location: 2F
2-2: Ball
3-2: Strikes out swinging
Top of the 2nd over - 0 runs, 0 hits, 0 errors, 0 left on base; Brooklyn 1 - Eugene 0
BOTTOM OF THE 2ND
Eugene Emeralds batting - Pitching for Brooklyn Cyclones : RHP Robbie Beerbower
Batting: LHB Trevor Spaulding 0-0: Swinging Strike
0-1: Ball
1-1: Ball
2-1: Ball
3-1: Base on Balls
Batting: LHB Mark Huey 0-0: Foul Ball, location: 2F
0-1: Foul Ball, location: 2F
0-2: Ball
1-2: Ball
2-2: Foul Ball, location: 2F
2-2: Ball
3-2: Foul Ball, location: 2F
3-2: Fly out, F8 (Flyball, 8LM, EV 91.9 MPH)
Pitching: RHP Stan Pitcher
Batting: SHB Bob Hamilton 0-0: Ball
1-0: Called Strike
1-1: Called Strike
1-2: Foul Ball, location: 2F
1-2: Strikes out swinging
Batting: RHB Brian Gargis 0-0: Ball
1-0: Fielders Choice at 2nd, U4 (Groundball, 4M, EV 111.3 MPH)
Bottom of the 2nd over - 0 runs, 0 hits, 0 errors, 1 left on base; Brooklyn 1 - Eugene 0
TOP OF THE 3RD
Brooklyn Cyclones batting - Pitching for Eugene Emeralds : LHP Bernard Grose
Batting: RHB Edolf Vlemmings 0-0: Ball
1-0: Foul Ball, location: 2F
1-1: Ball
2-1: Ball
3-1: Base on Balls
Batting: LHB Manny Caldera 0-0: Foul Ball, location: 2F
0-1: Ball
1-1: Called Strike
1-2: Ball
Edolf Vlemmings steals 2nd base
2-2: Strikes out swinging
Batting: RHB Tony Oria 0-0: Called Strike
0-1: Ball
1-1: Called Strike
1-2: Ball
2-2: Foul Ball, location: 2F
2-2: Foul Ball, location: 2F
2-2: Strikes out swinging
Batting: RHB Hyeok Kim 0-0: Reached on error, E5 (Groundball, 56, EV 101.3 MPH)
Edolf Vlemmings scores
Batting: LHB Victor Ferrermena 0-0: Called Strike
0-1: Ball
1-1: Ball
2-1: Called Strike
2-2: Strikes out swinging
Top of the 3rd over - 1 run, 0 hits, 1 error, 1 left on base; Brooklyn 2 - Eugene 0
BOTTOM OF THE 3RD
Eugene Emeralds batting - Pitching for Brooklyn Cyclones : RHP Stan Pitcher
Batting: RHB Adam Kelliher 0-0: Foul Ball, location: 2F
0-1: Ball
1-1: Ball
2-1: Foul Ball, location: 2F
2-2: Foul Ball, location: 2F
2-2: Ground out 6-3 (Groundball, 6, EV 85.6 MPH)
Batting: RHB Jonathan Ridgely 0-0: Foul Ball, location: 2F
0-1: Ball
1-1: Ball
2-1: Swinging Strike
2-2: Strikes out looking
Batting: RHB Garrett Granata 0-0: Ball
1-0: Ball
2-0: SINGLE (Groundball, 6M, EV 110.6 MPH) (infield hit)
Batting: RHB Chris Slama 0-0: Called Strike
Garrett Granata steals 2nd base
0-1: Called Strike
0-2: Ball
1-2: Foul Ball, location: 2F
1-2: Ground out 6-3 (Groundball, 56, EV 103.1 MPH)
Bottom of the 3rd over - 0 runs, 1 hit, 0 errors, 1 left on base; Brooklyn 2 - Eugene 0
TOP OF THE 4TH
Brooklyn Cyclones batting - Pitching for Eugene Emeralds : LHP Bernard Grose
Batting: LHB Kodai Furuki 0-0: Fly out, F6 (Popup, 6, EV 62.5 MPH)
Batting: RHB Leo Roman 0-0: Foul Ball, location: 2F
0-1: Foul Ball, location: 2F
0-2: Ball
1-2: Fly out, F4 (Line Drive, 4, EV 64.4 MPH)
Batting: LHB Adam Barry 0-0: Ball
1-0: Ball
2-0: Called Strike
2-1: Fly out, F9 (Flyball, 9D, EV 102.5 MPH)
Top of the 4th over - 0 runs, 0 hits, 0 errors, 0 left on base; Brooklyn 2 - Eugene 0
BOTTOM OF THE 4TH
Eugene Emeralds batting - Pitching for Brooklyn Cyclones : RHP Stan Pitcher
Batting: RHB Francisco Ramirez 0-0: Ball
1-0: Foul Ball, location: 2F
1-1: Ball
2-1: Fly out, F8 (Line Drive, 8RD, EV 94.4 MPH)
Batting: LHB Trevor Spaulding 0-0: Called Strike
0-1: Ball
1-1: Called Strike
1-2: Strikes out swinging
Batting: LHB Mark Huey 0-0: Foul Ball, location: 2F
0-1: Ball
1-1: Foul Ball, location: 2F
1-2: SINGLE (Groundball, 56S, EV 67.5 MPH) (infield hit)
Batting: SHB Bob Hamilton 0-0: Ball
Mark Huey is caught stealing 2nd base 2-6
Bottom of the 4th over - 0 runs, 1 hit, 0 errors, 0 left on base; Brooklyn 2 - Eugene 0
TOP OF THE 5TH
Brooklyn Cyclones batting - Pitching for Eugene Emeralds : LHP Bernard Grose
Batting: RHB Oscar Chairez 0-0: Called Strike
0-1: Foul Ball, location: 2F
0-2: Strikes out looking
Batting: RHB Edolf Vlemmings 0-0: Called Strike
0-1: Swinging Strike
0-2: Ball
1-2: Foul Ball, location: 2F
1-2: SINGLE (Flyball, 89S, EV 91.3 MPH)
Batting: LHB Manny Caldera 0-0: Ball
1-0: Ball
2-0: Foul Ball, location: 2F
2-1: Called Strike
2-2: Foul Ball, location: 2F
2-2: Foul Ball, location: 2F
2-2: Foul Ball, location: 2F
2-2: Foul Ball, location: 2F
2-2: Fly out, F5 (Flyball, 56D, EV 85.6 MPH)
Batting: RHB Tony Oria 0-0: Called Strike
0-1: Ball
1-1: Ball
2-1: Ground out 5-3 (Groundball, 56S, EV 90.0 MPH)
Top of the 5th over - 0 runs, 1 hit, 0 errors, 1 left on base; Brooklyn 2 - Eugene 0
BOTTOM OF THE 5TH
Eugene Emeralds batting - Pitching for Brooklyn Cyclones : RHP Stan Pitcher
Batting: SHB Bob Hamilton 0-0: Called Strike
0-1: Ground out 6-3 (Groundball, 6, EV 98.8 MPH)
Batting: RHB Brian Gargis 0-0: Called Strike
0-1: Ball
1-1: Ball
2-1: Ball
3-1: Base on Balls
Pitching: LHP Mike Capers
Batting: RHB Adam Kelliher 0-0: Called Strike
Brian Gargis steals 2nd base
0-1: Foul Ball, location: 2F
0-2: Foul Ball, location: 2F
0-2: Ball
1-2: Ball
2-2: Fly out, F7 (Line Drive, 7, EV 85.6 MPH)
Batting: RHB Jonathan Ridgely 0-0: Ball
1-0: Ball
2-0: Ball
3-0: Called Strike
3-1: Foul Ball, location: 2F
3-2: Strikes out swinging
Bottom of the 5th over - 0 runs, 0 hits, 0 errors, 1 left on base; Brooklyn 2 - Eugene 0
TOP OF THE 6TH
Brooklyn Cyclones batting - Pitching for Eugene Emeralds : LHP Bernard Grose
Batting: RHB Hyeok Kim 0-0: Ball
1-0: Ball
2-0: Called Strike
2-1: Ground out 5-3 (Groundball, 56, EV 83.8 MPH)
Pitching: RHP Miles Edwards
Batting: LHB Victor Ferrermena 0-0: Swinging Strike
0-1: Ball
1-1: Swinging Strike
1-2: Strikes out swinging
Batting: LHB Kodai Furuki 0-0: Ball
1-0: Hit by Pitch
Batting: RHB Leo Roman 0-0: Called Strike
0-1: Foul Ball, location: 2F
0-2: Strikes out swinging
Top of the 6th over - 0 runs, 0 hits, 0 errors, 1 left on base; Brooklyn 2 - Eugene 0
BOTTOM OF THE 6TH
Eugene Emeralds batting - Pitching for Brooklyn Cyclones : LHP Mike Capers
Batting: RHB Garrett Granata 0-0: Called Strike
0-1: Called Strike
0-2: Ball
1-2: Ground out 4-3 (Groundball, 4, EV 105.6 MPH)
Batting: RHB Chris Slama 0-0: Ball
1-0: Ball
2-0: Ball
3-0: Called Strike
3-1: Ground out 5-3 (Groundball, 5L, EV 78.8 MPH)
Batting: RHB Francisco Ramirez 0-0: Called Strike
0-1: Foul Ball, location: 2F
0-2: Ball
1-2: Ball
2-2: Ground out 1-3 (Groundball, 34S, EV 68.8 MPH)
Bottom of the 6th over - 0 runs, 0 hits, 0 errors, 0 left on base; Brooklyn 2 - Eugene 0
TOP OF THE 7TH
Brooklyn Cyclones batting - Pitching for Eugene Emeralds : RHP Miles Edwards
Batting: LHB Adam Barry 0-0: Foul Ball, location: 2F
0-1: Foul Ball, location: 2F
0-2: Ball
1-2: Ball
2-2: Ground out 5-3 (Groundball, 56, EV 87.5 MPH)
Batting: RHB Oscar Chairez 0-0: Ball
1-0: Foul Ball, location: 2F
1-1: Swinging Strike
1-2: Strikes out looking
Batting: RHB Edolf Vlemmings 0-0: Ball
1-0: Ball
2-0: Ground out 6-3 (Groundball, 56, EV 78.8 MPH)
Top of the 7th over - 0 runs, 0 hits, 0 errors, 0 left on base; Brooklyn 2 - Eugene 0
BOTTOM OF THE 7TH
Eugene Emeralds batting - Pitching for Brooklyn Cyclones : LHP Mike Capers
Pitching: RHP Leo Burgos
Batting: LHB Trevor Spaulding 0-0: SINGLE (Groundball, 4, EV 95.0 MPH)
Batting: LHB Mark Huey 0-0: Ball
1-0: Ball
2-0: Swinging Strike
2-1: Swinging Strike
2-2: Ball
3-2: Strikes out swinging
Batting: SHB Bob Hamilton 0-0: Ball
1-0: Called Strike
1-1: Ball
2-1: Foul Ball, location: 2F
2-2: Ball
3-2: Foul Ball, location: 2F
3-2: Foul Ball, location: 2F
3-2: Strikes out swinging
Batting: RHB Brian Gargis 0-0: Called Strike
0-1: Fielders Choice at 2nd, 5-4 (Groundball, 56, EV 95.0 MPH)
Bottom of the 7th over - 0 runs, 1 hit, 0 errors, 1 left on base; Brooklyn 2 - Eugene 0
TOP OF THE 8TH
Brooklyn Cyclones batting - Pitching for Eugene Emeralds : RHP Miles Edwards
Batting: LHB Manny Caldera 0-0: Called Strike
0-1: Swinging Strike
0-2: Hit by Pitch
Batting: RHB Tony Oria 0-0: Sac Bunt to 5S - play at first, batter OUT! 5-3
Manny Caldera to second
Batting: RHB Hyeok Kim 0-0: Ball
1-0: Ball
2-0: Swinging Strike
2-1: Foul Ball, location: 2F
2-2: Strikes out swinging
Batting: LHB Victor Ferrermena 0-0: Ball
1-0: Called Strike
1-1: Swinging Strike
1-2: Ground out 4-3 (Groundball, 4, EV 98.1 MPH)
Top of the 8th over - 0 runs, 0 hits, 0 errors, 1 left on base; Brooklyn 2 - Eugene 0
BOTTOM OF THE 8TH
Eugene Emeralds batting - Pitching for Brooklyn Cyclones : RHP Leo Burgos
Pitching: LHP Jose Diaz
Batting: RHB Adam Kelliher 0-0: Ball
1-0: Called Strike
1-1: DOUBLE (Flyball, 78D, EV 92.5 MPH)
Batting: RHB Jonathan Ridgely 0-0: Ball
1-0: Ball
2-0: Called Strike
2-1: Foul Ball, location: 2F
2-2: Foul Ball, location: 2F
2-2: Ball
3-2: Ground out 6-3 (Groundball, 6MD, EV 103.1 MPH)
Adam Kelliher to third
Batting: RHB Garrett Granata 0-0: Ball
1-0: Ball
2-0: Ball
3-0: Base on Balls
Batting: RHB Chris Slama 0-0: Ball
1-0: Ground out 5-3 (Groundball, 5, EV 81.3 MPH)
Garrett Granata to second
Batting: RHB Francisco Ramirez 0-0: Ball
1-0: Ball
2-0: Ball
3-0: Called Strike
3-1: Base on Balls
Pinch Hitting: RHB Jonathan Sotelo 0-0: Ball
1-0: Ball
2-0: Foul Ball, location: 2F
2-1: Foul Ball, location: 2F
2-2: Ball
3-2: Fly out, F8 (Flyball, 89M, EV 78.1 MPH)
Bottom of the 8th over - 0 runs, 1 hit, 0 errors, 3 left on base; Brooklyn 2 - Eugene 0
TOP OF THE 9TH
Brooklyn Cyclones batting - Pitching for Eugene Emeralds : RHP Miles Edwards
Pitching: LHP Colin Scott
Now at 1B: Francisco Ramirez
Now in LF: Brian Gargis
Now in RF: Jonathan Sotelo
Batting: RHB Allen Wozniak 0-0: Ball
1-0: DOUBLE (Flyball, 8RXD, EV 89.4 MPH)
Batting: RHB Leo Roman 0-0: SINGLE (Groundball, 34D, EV 93.8 MPH)
Allen Wozniak to third
Batting: LHB Adam Barry 0-0: Ball
1-0: Fielders Choice at 2nd, 1-6 (Groundball, 13, EV 76.9 MPH)
Batting: RHB Oscar Chairez 0-0: Ball
1-0: Ball
2-0: SINGLE (Flyball, 7S, EV 87.5 MPH)
Allen Wozniak scores
Adam Barry to second
Batting: RHB Edolf Vlemmings 0-0: Swinging Strike
0-1: Foul Ball, location: 2F
0-2: Ball
1-2: Ball
2-2: Strikes out looking
Batting: LHB Manny Caldera 0-0: Swinging Strike
0-1: Ball
1-1: Ground out 4-3 (Groundball, 4, EV 103.1 MPH)
Top of the 9th over - 1 run, 3 hits, 0 errors, 2 left on base; Brooklyn 3 - Eugene 0
BOTTOM OF THE 9TH
Eugene Emeralds batting - Pitching for Brooklyn Cyclones : LHP Jose Diaz
Pitching: RHP Jason Vulich
Batting: LHB Mark Huey 0-0: Called Strike
0-1: Foul Ball, location: 2F
0-2: Ball
1-2: Foul Ball, location: 2F
1-2: Ball
2-2: Ball
3-2: SINGLE (Line Drive, 34, EV 94.4 MPH)
Batting: SHB Bob Hamilton 0-0: Ball
1-0: Ball
2-0: Called Strike
2-1: Foul Ball, location: 2F
2-2: Foul Ball, location: 2F
2-2: Foul Ball, location: 2F
2-2: Foul Ball, location: 2F
2-2: Ball
3-2: Base on Balls
Mark Huey to second
Pinch Hitting: LHB Kwang-chih Men 0-0: Called Strike
0-1: Called Strike
0-2: Foul Ball, location: 2F
0-2: Strikes out swinging
Batting: RHB Adam Kelliher 0-0: Ball
1-0: Ball
2-0: DOUBLE (Line Drive, 78XD, EV 100.6 MPH)
Mark Huey scores
Bob Hamilton to third
Pinch Hitting: RHB Frank McArdle 0-0: Foul Ball, location: 2F
0-1: Called Strike
0-2: Ground out 6-3 (Groundball, 56, EV 89.4 MPH)
Bob Hamilton scores
Batting: RHB Garrett Granata 0-0: Swinging Strike
0-1: Called Strike
0-2: Strikes out swinging
Bottom of the 9th over - 2 runs, 2 hits, 0 errors, 1 left on base; Brooklyn 3 - Eugene 2
Thursday, March 31st , 2022 - OOTP Baseball 22.12 Build 89